 Dungeon Crawl Stone Soup version 0.28-a0-909-g796cbd3a86 (webtiles) character file.

Game seed: 15066416843949148978

72 BinkBink the Ruffian (level 4, -2/40 HPs)
             Began as a Ghoul Monk on Nov 24, 2021.
             Killed from afar by Terence (7 damage)
             ... with a puff of flame
             ... on level 1 of the Dungeon.
             The game lasted 00:02:04 (1679 turns).

BinkBink the Ruffian (Ghoul Monk)                   Turns: 1679, Time: 00:02:04

Health: -2/40      AC:  2    Str: 15    XL:     4   Next: 25%
Magic:  3/3        EV: 12    Int:  5    God:
Gold:   62         SH:  0    Dex: 11    Spells: 3/3 levels left

rFire   . . .      SeeInvis .     - Unarmed
rCold   + . .      Faith    .   (no shield)
rNeg    + + +      Spirit   .   a - +0 robe
rPois   ∞          Reflect  .   (no helmet)
rElec   .          Harm     .   (no cloak)
rCorr   .          Rampage  .   (no gloves)
Will    .....                   (no boots)
Stlth   ++........              (no amulet)
HPRegen 0.00/turn               (no ring)
MPRegen 0.08/turn               (no ring)

@: inhibited regen
A: claws 1, cold resistance 1, negative energy resistance 3, inhibited
regeneration, torment resistance 2
a: no special abilities


You were on level 1 of the Dungeon.
You visited 1 branch of the dungeon, and saw 2 of its levels.

You collected 62 gold pieces.

Inventory:

Armour
 a - a +0 robe (worn)
Scrolls
 b - a scroll of fog {unknown}
 c - a scroll of blinking
 e - 2 scrolls of teleportation {unknown}
 g - a scroll of enchant weapon {unknown}
 h - a scroll of immolation
 j - 2 scrolls of amnesia
 k - a scroll of identify
Potions
 d - a potion of magic {unknown}
 f - a potion of heal wounds {unknown}
 i - a potion of berserk rage {unknown}


   Skills:
 + Level 3.8 Fighting
 * Level 1.2 Armour
 + Level 3.2 Dodging
 - Level 2.1 Stealth
 + Level 4.1 Unarmed Combat


You had 3 spell levels left.
You didn't know any spells.
Your spell library was empty.

Dungeon Overview and Level Annotations

Branches:
Dungeon (2/15)

Altars:

Shops:
D:1 [

Annotations:
D:1 Terence


Innate Abilities, Weirdness & Mutations

You thrive by killing the living.
You are immune to poison.
You have sharp fingernails.
Your flesh is cold resistant. (rC+)
You are immune to negative energy. (rN+++)
You do not regenerate when monsters are visible.
You are immune to unholy pain and torment.


Message History

An adder is nearby!
An adder is nearby!
The helpless adder fails to defend itself.
You claw the adder!
You kill the adder!
No target in view!
No target in view!
You see here an adder corpse.
You open the door.
A goblin comes into view. It is wielding a +0 club.
Found a robe.
A goblin is nearby!
Terence the Incautious comes into view.
He is wielding a +0 falchion and carrying a wand of flame (17).
There is an open door here.
Terence shouts!
The goblin shouts!
The goblin hits you with a +0 club.
You scratch Terence but do no damage. Terence closely misses you.
The goblin hits you with a +0 club.
You scratch Terence but do no damage. Terence hits you with a +0 falchion!
The goblin hits you with a +0 club.
There is an open door here.
There is a stone staircase leading up here.
Terence completely misses you.
You climb upwards.
There is a stone staircase leading down here.
Terence zaps a wand.
The puff of flame misses you.
Terence says, "You're history."
Terence zaps a wand.
The puff of flame hits you!
* * * LOW HITPOINT WARNING * * *
You open the door.
There is an open door here.
As you read the scroll labelled GOTOEM XURAR, it crumbles to dust.
It is a scroll of amnesia.
You feel forgetful for a moment. Terence hits you with a +0 falchion!
* * * LOW HITPOINT WARNING * * *
As you read the scroll labelled MOLUCV NESCHA, it crumbles to dust.
It is a scroll of identify.
c - a scroll of blinking Terence zaps a wand.
The puff of flame hits you!
You die...

#..............##.######
#..............##.#....^
#..............##.#.#...
#..............##.#.'...
####.############.###...
#.## #######........
#..####(.(.(######...
##.##(..(.(.(.####)..
#.@@.(((8((...'.#...
####.(.(((((.##.....
###(.(((######∩..
###'### #... ##..(..##
#... #...<...# #...
##.....## #### #######


You could see Terence.

Vanquished Creatures
  Jessica (D:2)
  2 adders (D:2)
  A dart slug (D:1)
  2 bats
  3 endoplasms
  A giant cockroach (D:1)
  4 hobgoblins (D:1)
  4 jackals (D:1)
  A kobold (D:1)
  A frilled lizard (D:1)
  2 goblins (D:1)
  A rat (D:1)
23 creatures vanquished.

Notes
Turn   | Place    | Note
-------+----------+-------------------------------------------
     0 | D:1      | BinkBink the Ghoul Monk began the quest for the Orb.
     0 | D:1      | Reached XP level 1. HP: 19/19 MP: 0/0
     8 | D:1      | Found Saorao's Antique Armour Boutique.
   148 | D:1      | Reached XP level 2. HP: 20/26 MP: 1/1
   700 | D:1      | Found a faded altar of an unknown god.
  1356 | D:2      | Reached XP level 3. HP: 31/31 MP: 2/2
  1406 | D:2      | Reached skill level 1 in Armour
  1442 | D:2      | Noticed Jessica
  1451 | D:2      | Killed Jessica
  1452 | D:2      | Reached skill level 4 in Unarmed Combat
  1452 | D:2      | Reached XP level 4. HP: 27/40 MP: 3/3
  1642 | D:2      | Noticed Terence
  1679 | D:1      | Killed from afar by Terence

Illustrated notes

Levels and vault maps discovered:
D:1:      minmay_arrival_shattered_statue, layout_basic,
          hellmonk_ecumenical_altar_blasted, serial_shops, shop,
          grunt_decor_resistance
D:2:      kennysheep_six_static_rooms, layout_rooms, uniq_jessica,
          uniq_crazy_yiuf_cottage, uniq_terence

Skill      XL: |  1  2  3 |
---------------+----------+-----
Dodging        | 3 |  3.2
Armour         | 1 |  1.2
Unarmed Combat | 4 |  4.1
Fighting       | |  3.8
Stealth        | |  2.1

Action                   |  1- 3 |  4- 6 || total
-------------------------+-------+-------++-------
Melee: Unarmed           |    65 |     4 ||    69
       Punch             |     2 |       ||     2
  Use: Scroll            |       |     2 ||     2
 Stab: Sleeping          |     2 |     2 ||     4
Armor: Robe              |     9 |       ||     9
Dodge: Dodged            |    35 |     3 ||    38

Table legend: (Time is in decaauts)
 A = Elapsed time spent in this place.
 B = Non-inter-level travel time spent in this place.
 C = Inter-level travel time spent in this place.
 D = Time resting spent in this place.
 E = Time spent auto-exploring this place.
 F = Levels seen in this place.
 G = Mean time per level.
                   A        B        C        D        E       F      G
               +--------+--------+--------+--------+--------+-----+--------+
         Total |   1674 |   1659 |     15 |      0 |   1474 |   2 |  837.0 |
       Dungeon |   1674 |   1659 |     15 |      0 |   1474 |   2 |  837.0 |
               +--------+--------+--------+--------+--------+-----+--------+

Top non-repeatable levels by time:
     D:1: 1354 daAuts
     D:2: 320 daAuts
